 Dungeon Crawl Stone Soup version 0.29.1-15-g9cfb28693d (webtiles) character file.

Game seed: 12890946446874636784

315 protoss039 the Digger (level 6, 46/46 HPs)
             Began as a Demonspawn Earth Elementalist on Mar 14, 2023.
             Got out of the dungeon alive.
             The game lasted 00:05:11 (4160 turns).

protoss039 the Digger (DsEE)                        Turns: 4160, Time: 00:05:12

Health: 46/46      AC: 10    Str:  8    XL:     6   Next: 20%
Magic:  10/10      EV:  9    Int: 19    God:
Gold:   188        SH:  9    Dex: 13    Spells: 5/11 levels left

rFire   + . .      SeeInvis .   u - +3 whip (drain)
rCold   . . .      Faith    .   e - +0 buckler
rNeg    . . .      Spirit   .   n - +0 ring mail
rPois   .          Reflect  +   (no helmet)
rElec   .          Harm     .   (no cloak)
rCorr   .          Rampage  .   (no gloves)
Will    .....                   p - +2 pair of boots
Stlth   +.........              i - amulet of reflection
HPRegen 0.15/turn               s - ring of protection from fire
MPRegen 0.24/turn               (no ring)

@: no status effects
A: claws 1, yellow scales 1, magic regeneration, demonic magic 2
a: no special abilities


You escaped.
You visited 1 branch of the dungeon, and saw 4 of its levels.

You collected 188 gold pieces.

Inventory:

Hand Weapons
 d - a +1 whip of flaming
 u - a +3 whip of draining (weapon)
Armour
 e - a +0 buckler (worn)
 n - a +0 ring mail (worn)
 p - a +2 pair of boots (worn)
Jewellery
 i - an amulet of reflection (around neck)
 s - a ring of protection from fire (left claw)
Wands
 x - a wand of polymorph (5)
Scrolls
 a - 2 scrolls of immolation
 c - a scroll of identify
 j - a scroll of blinking {unknown}
 l - 2 scrolls of teleportation
 q - 2 scrolls of butterflies {unknown}
 v - a scroll of enchant armour {unknown}
Potions
 b - a potion of magic
 f - a potion of berserk rage {unknown}
 g - 2 potions of heal wounds
 h - 2 potions of curing {unknown}
 k - a potion of ambrosia {unknown}
 m - 2 potions of haste {unknown}
 o - a potion of might {unknown}
 r - 2 potions of attraction {unknown}
 t - 3 potions of brilliance
 w - a potion of cancellation {unknown}


   Skills:
 + Level 2.4 Fighting
 * Level 2.4 Armour
 - Level 1.7 Dodging
 - Level 1.7 Stealth
 + Level 1.6 Shields
 + Level 3.2 Spellcasting
 + Level 1.4 Conjurations
 - Level 0.8 Transmutations
 + Level 3.6 Earth Magic


You had 5 spell levels left.
You knew the following spells:

 Your Spells              Type           Power      Damage    Failure   Level
a - Sandblast             Erth           32%        2d9       13%         1
b - Passwall              Tmut/Erth      9%         N/A       34%         2
c - Stone Arrow           Conj/Erth      24%        3d8       52%         3

Your spell library contained the following spells:

 Spells                   Type           Power      Damage    Failure   Level
 Petrify                  Tmut/Erth      11%        N/A       93%         4
 Animate Dead             Necr           3%         N/A       99%         4
 Borgnjor's Vile Clutch   Necr/Erth      4%         N/A       100%        5
 Death Channel            Necr           1%         N/A       100%        6


Dungeon Overview and Level Annotations

Branches:
Dungeon (4/15) Zot: 19790
 Temple: D:4-7

Altars:
Dithmenos
Xom

Shops:
D:1 (=!


Innate Abilities, Weirdness & Mutations

You have sharp fingernails.
You are partially covered in yellow scales. (AC +2)
You regenerate magic rapidly.
Spells you cast may paralyse nearby enemies.


Message History

Casting: Sandblast (safe; 14% risk of failure)
Confirm with . or Enter, or press ? or * to list all spells.
Aiming: Sandblast (safe; 14% risk of failure)
Press: ? - help, Shift-Dir - straight line, f/p - necrophage
Aim: a necrophage (heavily damaged, 82% to hit)
The blast of sand hits the necrophage!
The necrophage is severely damaged.
Malevolent energies surge around you.
The necrophage hits you but does no damage.
Casting: Sandblast (safe; 14% risk of failure)
Confirm with . or Enter, or press ? or * to list all spells.
Aiming: Sandblast (safe; 14% risk of failure)
Press: ? - help, Shift-Dir - straight line, f/p - necrophage
Aim: a necrophage (severely damaged, 82% to hit)
The blast of sand hits the necrophage!
You destroy the necrophage!
Malevolent energies surge around you.
Your life force feels restored.
You have reached level 6!
Your demonic ancestry asserts itself...
Your magic begins to regenerate rapidly.
(D) Dungeon
Where to? (Enter - D:3 @ (x,y), ? - help)
What level of the Dungeon? (default 1, ? - help) HP restored.
There is a stone staircase leading up here.
You climb upwards.
There is a stone staircase leading down here.
Magic restored.
There is a stone staircase leading up here.
You climb upwards.
There is a stone staircase leading down here.
There is a stone staircase leading up here.
You climb upwards.
There is a stone staircase leading down here.
There is an entrance to Vaywyghi's Antique Weapon Boutique here.
There is an open door here.
There is a staircase leading out of the dungeon here.
Are you sure you want to leave the Dungeon?
This will make you lose the game!
You have escaped!

.# #....# #...## #..... .#
########### ###..#####.....
####.....#############.....#.....
...........................###...
####......#...#####...#.....##...
######.#...#...#...##.........
#.#.###.♣.###.##.∩.##....
#.#.#.......#.########...
#.#.+.♣.@.♣.'.# #...
#.#.#.......#.# #...
#.#.###.♣.###.# #...
#.#...#...#...# #...
#.....#####...# #...
#.............# #...
#.###########.# #... #.#
##.###########
#####.##########..........###


There were no monsters in sight!

Vanquished Creatures
  A necrophage (D:4)
  A howler monkey (D:3)
  An orc priest (D:3)
  2 orc wizards (D:3)
  6 adders
  5 worms
  A dart slug (D:2)
  2 orcs (D:3)
  4 endoplasms
  6 giant cockroaches
  9 goblins
  4 hobgoblins
  7 kobolds
  3 quokkas
  6 ball pythons
  2 bats (D:3)
  3 frilled lizards
  7 rats
70 creatures vanquished.

Notes
Turn   | Place    | Note
-------+----------+-------------------------------------------
     0 | D:1      | protoss039 the Demonspawn Earth Elementalist began the
                  | quest for the Orb.
     0 | D:1      | Reached XP level 1. HP: 13/13 MP: 3/3
     9 | D:1      | Found Viutima's Jewellery Boutique.
   110 | D:1      | Found a shimmering altar of Xom.
   234 | D:1      | Gained mutation: You have sharp fingernails. [demonic
                  | ancestry]
   234 | D:1      | Reached XP level 2. HP: 19/20 MP: 5/5
   308 | D:1      | Found Vaywyghi's Antique Weapon Boutique.
   565 | D:1      | Reached skill level 1 in Fighting
   947 | D:1      | Found Xuomn's Distillery.
  1142 | D:1      | Found a faded altar of an unknown god.
  1288 | D:1      | Learned a level 2 spell: Passwall
  1311 | D:2      | Gained mutation: Spells you cast may paralyse adjacent
                  | enemies. [demonic ancestry]
  1311 | D:2      | Reached XP level 3. HP: 13/26 MP: 3/6
  2169 | D:2      | Gained mutation: Spells you cast may paralyse nearby
                  | enemies. [demonic ancestry]
  2169 | D:2      | Reached XP level 4. HP: 31/33 MP: 6/8
  2320 | D:2      | Reached skill level 1 in Armour
  2833 | D:2      | Learned a level 3 spell: Stone Arrow
  3061 | D:3      | Reached skill level 1 in Shields
  3061 | D:3      | Gained mutation: You are partially covered in yellow
                  | scales. (AC +2) [demonic ancestry]
  3061 | D:3      | Reached XP level 5. HP: 38/38 MP: 7/9
  3108 | D:3      | Found a shadowy altar of Dithmenos.
  3299 | D:3      | Reached skill level 1 in Conjurations
  4076 | D:4      | Gained mutation: You regenerate magic rapidly. [demonic
                  | ancestry]
  4076 | D:4      | Reached XP level 6. HP: 44/46 MP: 4/10
  4160 | D:$      | Got out of the dungeon alive.

Illustrated notes

Levels and vault maps discovered:
D:1:      dpeg_arrival_simpleton_c, layout_basic,
          hellmonk_ecumenical_altar_inner_sanctum, serial_shops, shop, shop,
          shop_fountains, grunt_decor_one_mirror, minmay_hexomino_r4
D:2:      layout_loops_ring, minmay_worlds_worst_comb
D:3:      layout_loops_ring, amcnicky_altar_gilded, kennysheep_generic_room_5
D:4:      layout_basic, nicolae_ossuary_entry_giza, serial_glass,
          glass_columns_a, glass_columns_a, minmay_misc_feat_tower, uniq_robin

Skill      XL: |  1  2  3  4  5 |
---------------+----------------+-----
Fighting       | 1 2 |  2.4
Earth Magic    | 3 |  3.6
Armour         | 1 2 |  2.4
Shields        | 1 |  1.6
Spellcasting   | 3 |  3.2
Conjurations   | 1 |  1.4
Dodging        | |  1.7
Stealth        | |  1.7
Transmutations | |  0.8

Action                   |  1- 3 |  4- 6 || total
-------------------------+-------+-------++-------
Melee: Whip              |    38 |    78 ||   116
 Cast: Sandblast         |    39 |    29 ||    68
  Use: Scroll            |       |     4 ||     4
 Stab: Sleeping          |     2 |     1 ||     3
       Paralysed         |     5 |     6 ||    11
Armor: Robe              |     3 |       ||     3
       Ring mail         |    10 |    39 ||    49
Dodge: Dodged            |    24 |    28 ||    52
Block: Buckler           |    15 |    41 ||    56
